Map: [ESL] Ancient Cistern

Players

Firefly

  • Race: Protoss Protoss
  • Spawn Location: 7:00

Coffee - Winner!

  • Race: Terran Terran
  • Spawn Location: 1:00

Event: ESL SC2 Masters 2023 Summer (Regionals)

VOD

Have the link to the VOD?

Description

Time

  • Played on: May 21, 2023, 7:57 a.m.
  • Length: 10:03

All games in this series

Show
View Real Time Build Order
Export as new Build Order

Firefly Protoss 

Build Orders: Blink Stalkers 

Get SALT Encoding   

  12  0:00  Probe  
  13  0:12  Probe  
  14  0:17  Pylon  
  14  0:24  Probe  
  15  0:35  Gateway  
  15  0:37  Probe (Chrono Boost)  
  16  0:47  Probe (Chrono Boost)  
  17  0:50  Assimilator  
  17  0:52  Probe (Chrono Boost)  
  18  1:04  Probe  
  19  1:16  Probe  
  20  1:22  Cybernetics Core  
  20  1:23  Zealot  
  22  1:28  Probe  
  22  1:32  Pylon  
  23  1:42  Assimilator  
  23  1:50  Probe  
  24  1:56  Stalker (Chrono Boost)  
  26  2:07  Nexus  
  25  2:13  Probe (Chrono Boost)  
  25  2:19  Stalker  
  26  2:25  Probe (Chrono Boost)  
  27  2:32  Probe (Chrono Boost)  
  28  2:37  Pylon  
  28  2:39  Probe  
  28  2:40  Warp Gate  
  31  2:52  Probe  
  31  2:57  Twilight Council  
  30  3:04  Probe  
  31  3:09  Stalker  
  33  3:19  Probe  
  34  3:21  Robotics Facility  
  34  3:23  Shield Battery  
  34  3:26  Probe  
  35  3:31  Probe  
  36  3:39  Probe  
  37  3:43  Probe  
  37  3:46  Blink  
  38  3:51  Probe (Chrono Boost)  
  39  3:56  Shield Battery  
  39  4:02  Probe (Chrono Boost)  
  41  4:03  Probe (Chrono Boost)  
  41  4:08  Observer (Chrono Boost)  
  43  4:10  Probe (Chrono Boost)  
  43  4:12  Probe (Chrono Boost), Pylon  
  44  4:17  Probe  
  44  4:21  Probe  
  46  4:30  Probe (Chrono Boost)  
  45  4:33  Probe (Chrono Boost)  
  44  4:39  Stalker  
  44  4:42  Probe (Chrono Boost)  
  47  4:46  Probe (Chrono Boost)  
  47  4:50  Probe (Chrono Boost)  
  47  4:51  Probe (Chrono Boost), Gateway  
  49  4:53  Gateway  
  50  5:03  Gateway  
  50  5:04  Gateway  
  49  5:07  Gateway  
  49  5:09  Pylon  
  49  5:13  Stalker  
  51  5:16  Observer  
  52  5:23  Probe x2, Assimilator  
  54  5:29  Pylon  
  54  5:35  Probe  
  55  5:38  Warp Prism (Chrono Boost), Pylon  
  55  5:42  Pylon  
  57  5:50  Stalker x2  
  61  6:02  Pylon  
  61  6:03  Stalker x2  
  65  6:05  Stalker  
  68  6:11  Observer  
  68  6:14  Stalker x2  
  68  6:18  Stalker  
  74  6:35  Nexus  
  74  6:47  Stalker x3  
  74  6:49  Stalker  
  77  7:20  Forge  
  77  7:22  Charge  
  77  7:23  Gateway  
  77  7:27  Stalker, Gateway  
  77  7:28  Stalker x3  
  83  7:42  Immortal (Chrono Boost)  
  77  7:48  Probe x3  
  84  7:52  Zealot x3  
  84  7:54  Sentry  
  84  7:56  Protoss Ground Armor Level 1 (Chrono Boost), Pylon  
  92  8:10  Probe  
  92  8:11  Probe x2  
  93  8:19  Stalker x2  
  89  8:23  Probe x2 (Chrono Boost)  
  91  8:31  Zealot x3  
  91  8:33  Probe (Chrono Boost)  
  99  8:35  Probe (Chrono Boost)  
  94  8:47  Zealot x4  
  98  8:57  Zealot x2  
  102  9:03  Zealot x2  
  102  9:06  Pylon  
  101  9:27  Zealot x7  
  77  9:33  Zealot  
  55  9:47  Zealot x5  
  55  9:50  Zealot  
Show
View Real Time Build Order
Export as new Build Order

Coffee Terran - Winner!

Build Orders:  

Get SALT Encoding   

  12  0:00  SCV  
  13  0:12  SCV  
  14  0:17  Supply Depot  
  14  0:24  SCV  
  15  0:39  SCV  
  15  0:40  Barracks  
  16  0:44  Refinery  
  16  0:51  SCV  
  16  0:54  Refinery  
  17  1:03  SCV  
  18  1:15  SCV  
  19  1:28  Orbital Command, Reaper  
  20  1:38  Bunker  
  20  1:45  Factory  
  20  1:53  Supply Depot  
  20  1:57  SCV  
  20  2:00  Reaper  
  22  2:09  SCV  
  23  2:21  SCV  
  24  2:28  Command Center  
  24  2:30  Widow Mine  
  24  2:35  SCV  
  27  2:42  Starport  
  27  2:47  SCV  
  27  2:51  Supply Depot  
  28  2:56  Widow Mine  
  30  2:59  SCV  
  31  3:12  SCV  
  32  3:17  Widow Mine  
  32  3:18  Medivac  
  36  3:21  Barracks  
  36  3:25  SCV  
  37  3:40  Orbital Command  
  37  3:45  SCV  
  38  3:49  Factory Tech Lab  
  38  3:53  Starport Tech Lab  
  38  3:57  SCV, Barracks Reactor  
  38  4:00  Orbital Command  
  39  4:04  Barracks  
  39  4:08  Siege Tank  
  43  4:10  SCV  
  43  4:18  Raven  
  43  4:22  SCV  
  46  4:33  Marine x2  
  46  4:35  SCV x2, Barracks Tech Lab  
  46  4:37  Supply Depot  
  48  4:45  Siege Tank  
  48  4:47  SCV  
  48  4:48  SCV  
  53  4:53  Supply Depot  
  53  4:54  Marine  
  53  4:55  Bunker  
  53  4:59  Refinery, Marine x2  
  56  5:01  SCV x2  
  56  5:04  Stimpack  
  56  5:06  Marine  
  59  5:11  Supply Depot  
  59  5:12  Marine  
  59  5:13  SCV x2  
  62  5:16  Marine x2  
  64  5:25  SCV x2  
  64  5:26  Supply Depot  
  64  5:27  Supply Depot, Combat Shield  
  66  5:35  Marine x4  
  70  5:38  Starport Reactor  
  70  5:39  SCV x2  
  70  5:41  Refinery  
  70  5:42  Engineering Bay  
  72  5:51  SCV x2  
  72  5:55  Marine x2, Marauder x2  
  80  5:59  Factory Reactor  
  80  6:02  Supply Depot  
  80  6:03  SCV x2  
  82  6:05  Supply Depot  
  82  6:12  Terran Infantry Weapons Level 1  
  82  6:15  Marine x2  
  82  6:16  Marauder x2  
  88  6:24  Medivac x2  
  92  6:29  Supply Depot  
  91  6:34  Marine  
  91  6:35  Marine  
  91  6:37  Widow Mine x2  
  91  6:38  Marauder x2  
  101  6:52  Marine x2  
  101  6:53  SCV x2  
  104  6:55  Concussive Shells  
  104  6:59  Marauder x2  
  108  7:03  Barracks x2  
  108  7:04  Supply Depot x2  
  89  7:17  Marine x2  
  89  7:21  Armory  
  89  7:22  Marauder x2  
  94  7:30  Widow Mine x2  
  94  7:33  Medivac x2  
  94  7:35  Marine x2  
  105  7:44  Marauder x2  
  105  7:53  Marine x2  
  105  7:58  Command Center  
  107  8:03  Supply Depot  
  107  8:04  Widow Mine x2  
  111  8:06  Terran Infantry Armor Level 1, Marauder x2  
  115  8:18  Medivac x2  
  119  8:20  Marine x2  
  119  8:23  SCV x2  
  119  8:26  Widow Mine x2  
  125  8:27  Marauder  
  123  8:39  Marine x2, Marauder  
  124  8:49  Widow Mine x2, Marauder  
  124  8:50  SCV x2  
  128  8:59  Marine x2  
  128  9:00  Medivac x2  
  128  9:02  SCV x2  
  134  9:10  Widow Mine x2  
  136  9:27  Marauder x2  
  136  9:28  Marine x2  
  136  9:29  Barracks Tech Lab, Barracks Reactor  
  121  9:33  Widow Mine x2  
Tags
 
Add a new tag
Caveats
  • Supply blocks, unpowered buildings, or Contaminate may cause inaccurate times.
  • Supply counts are checked every 10 seconds.